 Dungeon Crawl Stone Soup version 0.28-a0-662-g1651b1f1e0 (webtiles) character file.

Game seed: 4467704911436539162

2 zaaaap the Cudgeller (level 1, 0/20 HPs)
             Began as a Minotaur Berserker on Oct 14, 2021.
             Was a Follower of Trog.
             Slain by an endoplasm (2 damage)
             ... on level 1 of the Dungeon.
             The game lasted 00:01:02 (28 turns).

zaaaap the Cudgeller (Minotaur Berserker)             Turns: 28, Time: 00:01:05

Health: 0/20       AC:  2    Str: 21    XL:     1   Next: 33%
Magic:  0/0        EV: 12    Int:  4    God:    Trog [*.....]
Gold:   0          SH:  0    Dex:  9    Spells: 0/0 levels left

rFire   . . .      SeeInvis .   a - +0 mace
rCold   . . .      Faith    .   (no shield)
rNeg    . . .      Spirit   .   b - +0 animal skin
rPois   .          Reflect  .   (helmet restricted)
rElec   .          Harm     .   (no cloak)
rCorr   .          Rampage  .   (no gloves)
Will    .....                   (no boots)
Stlth   +.........              (no amulet)
HPRegen 0.06/turn               (no ring)
MPRegen 0.07/turn               (no ring)

@: no status effects
A: horns 2, retaliatory headbutt
a: Renounce Religion, Berserk


You were on level 1 of the Dungeon.
You worshipped Trog.
Trog was aware of your devotion.
You visited 1 branch of the dungeon, and saw 1 of its levels.

Inventory:

Hand Weapons
 a - a +0 mace (weapon)
Armour
 b - a +0 animal skin (worn)


   Skills:
 + Level 3.7 Fighting
 + Level 3.7 Maces & Flails
 + Level 2.4 Armour
 + Level 2.2 Dodging


You couldn't memorise any spells.
You didn't know any spells.
Your spell library was empty.

Dungeon Overview and Level Annotations

Branches:
Dungeon (1/15)

Altars:


Innate Abilities, Weirdness & Mutations

You have a pair of horns on your head.
You reflexively headbutt those who attack you in melee.


Message History

The endoplasm quivers.
A quokka comes into view.
The endoplasm freezes you.
You are frozen.
You hit the endoplasm but do no damage. You headbutt the endoplasm.
You kill the endoplasm!
Trog accepts your kill.
Found 6 gold pieces.
A hobgoblin comes into view.
The hobgoblin shouts!
A dart slug comes into view.
An endoplasm comes into view.
The endoplasm quivers.
You hit the quokka but do no damage. The quokka barely misses you.
A bat comes into view.
The dart slug launches a dart at you. The slug dart misses you.
You hit the quokka.
You kill the quokka!
Trog accepts your kill.
The hobgoblin hits you but does no damage.
The bat hits you.
You barely miss the bat. Your headbutt misses the bat.
The bat hits you but does no damage. The dart slug launches a dart at you.
The slug dart misses you. The hobgoblin hits you.
You closely miss the hobgoblin. The bat hits you but does no damage.
The hobgoblin barely misses you. The endoplasm hits you.
You hit the endoplasm.
The endoplasm is moderately wounded.
The bat hits you but does no damage. The hobgoblin hits you.
The endoplasm freezes you.
You are frozen.
* * * LOW HITPOINT WARNING * * *
You hit the endoplasm.
The endoplasm is almost dead.
The bat barely misses you. You furiously retaliate!
You headbutt the bat.
You kill the bat!
Trog accepts your kill. The hobgoblin closely misses you.
The endoplasm hits you.
You die...

##.........#
...........
...........
..........
#......$..
######...w.....
#.....Jg...####
#......@†......
#..............
#....(.........
#..........####
#..........#
#..........#
#..........#
#..........########
######.###'##≈≈≈≈≈##


You could see a dart slug, an endoplasm and a hobgoblin.

Vanquished Creatures
  An endoplasm (D:1)
  A quokka (D:1)
  A bat (D:1)
3 creatures vanquished.

Notes
Turn   | Place    | Note
-------+----------+-------------------------------------------
     0 | D:1      | zaaaap the Minotaur Berserker began the quest for the Orb.
     0 | D:1      | Reached XP level 1. HP: 19/19 MP: 0/0
    28 | D:1      | Slain by an endoplasm

Illustrated notes

Levels and vault maps discovered:
D:1:      wander_arrival_chamber, layout_basic, minmay_octomino_e4

Action                   || total
-------------------------++-------
Melee: Mace              ||     7
       Headbutt          ||     1
Armor: Animal skin       ||     4
Dodge: Dodged            ||     6

Table legend: (Time is in decaauts)
 A = Elapsed time spent in this place.
 B = Non-inter-level travel time spent in this place.
 C = Inter-level travel time spent in this place.
 D = Time resting spent in this place.
 E = Time spent auto-exploring this place.
 F = Levels seen in this place.
 G = Mean time per level.
                   A        B        C        D        E       F      G
               +--------+--------+--------+--------+--------+-----+--------+
         Total |     29 |     20 |      9 |      0 |      0 |   1 |   29.0 |
       Dungeon |     29 |     20 |      9 |      0 |      0 |   1 |   29.0 |
               +--------+--------+--------+--------+--------+-----+--------+

Top non-repeatable levels by time:
     D:1: 29 daAuts
